 Dungeon Crawl Stone Soup version 0.28.0-45-g0d030f2227 (webtiles) character file.

Game seed: 16720079743731619853

81 Lans the Twirler (level 4, -4/38 HPs)
             Began as a Minotaur Gladiator on May 19, 2022.
             Slain by a black bear (7 damage)
             ... on level 3 of the Dungeon.
             The game lasted 00:04:44 (2084 turns).

Lans the Twirler (Minotaur Gladiator)               Turns: 2084, Time: 00:04:46

Health: -4/38      AC:  5    Str: 26    XL:     4   Next: 19%
Magic:  3/3        EV: 12    Int:  5    God:
Gold:   128        SH:  0    Dex: 12    Spells: 3/3 levels left

rFire   . . .      SeeInvis .   a - +0 quarterstaff
rCold   . . .      Faith    .   (shield currently unavailable)
rNeg    . . .      Spirit   .   b - +0 ring mail
rPois   .          Reflect  .   c - +0 hat
rElec   .          Harm     .   (no cloak)
rCorr   .          Rampage  .   (no gloves)
Will    .....                   (no boots)
Stlth   +.........              (no amulet)
HPRegen 0.12/turn               i - +6 ring of strength
MPRegen 0.08/turn               (no ring)

@: no status effects
A: horns 2, retaliatory headbutt
a: no special abilities


You were on level 3 of the Dungeon.
You visited 1 branch of the dungeon, and saw 3 of its levels.

You collected 128 gold pieces.

Inventory:

Hand Weapons
 a - a +0 quarterstaff (weapon)
Missiles
 d - 3 throwing nets (quivered)
Armour
 b - a +0 ring mail (worn)
 c - a +0 hat (worn)
Jewellery
 i - a +6 ring of strength (left hand)
Scrolls
 e - a scroll of enchant weapon {unknown}
 h - a scroll of enchant armour {unknown}
 j - a scroll of fear {unknown}
 k - a scroll of fog {unknown}
 m - 3 scrolls of amnesia {unknown}
 p - a scroll of magic mapping {unknown}
 q - 5 scrolls of identify {unknown}
 s - a scroll of summoning {unknown}
Potions
 f - a potion of magic {unknown}
 g - a potion of heal wounds {unknown}
 l - 2 potions of cancellation {unknown}
 n - a potion of curing {unknown}
 o - a potion of flight {unknown}
 r - a potion of haste {unknown}


   Skills:
 + Level 3.4 Fighting
 + Level 4.4 Staves
 - Level 2.0 Throwing
 + Level 2.1 Armour
 + Level 4.0 Dodging


You had 3 spell levels left.
You didn't know any spells.
Your spell library contained the following spells:

 Spells                   Type           Power      Damage    Failure   Level
 Freeze                   Ice            0%         1d3       63%         1
 Sting                    Tmut/Pois      0%         1d3       63%         1
 Poisonous Vapours        Pois/Air       0%         N/A       77%         2
 Frozen Ramparts          Ice            0%         1d2       94%         3
 Hailstorm                Conj/Ice       0%         3d3       100%        4
 Olgreb's Toxic Radiance  Pois           0%         N/A       100%        4


Dungeon Overview and Level Annotations

Branches:
Dungeon (3/15)

Altars:
Nemelex Xobeh


Innate Abilities, Weirdness & Mutations

You have a pair of horns on your head.
You reflexively headbutt those who attack you in melee.


Message History

The hobgoblin shouts!
A hobgoblin is nearby!
The hobgoblin barely misses you.
You sock the hobgoblin!
You kill the hobgoblin!
Your Dodging skill increases to level 4!
Found 2 boomerangs.
Found a stone staircase leading up.
There is a stone staircase leading up here.
A black bear comes into view.
You see here a scroll labelled CAXAPSE WUSE.
s - a scroll labelled CAXAPSE WUSE You closely miss the black bear.
The black bear bites you but does no damage.
The black bear claws you.
The black bear claws you but does no damage.
You hit the black bear.
The black bear is lightly wounded.
The black bear bites you.
The black bear claws you but does no damage.
The black bear misses you.
You sock the black bear! You headbutt the black bear!
The black bear is almost dead.
The black bear goes berserk!
You hit the black bear but do no damage.
The black bear is almost dead.
The black bear bites you! The black bear claws you. x2
The black bear bites you!
* * * LOW HITPOINT WARNING * * *
The black bear claws you.
* * * LOW HITPOINT WARNING * * *
The black bear barely misses you.
You closely miss the black bear.
You headbutt the black bear, but do no damage.
The black bear is almost dead.
The black bear bites you but does no damage.
The black bear claws you.
* * * LOW HITPOINT WARNING * * *
The black bear closely misses you. The black bear bites you!
You die...

#.##.# #... # #.##.#
#.## ####.#######.##.#
#.#
...........<...#####.##
....#..###.##.........
#.###.....########.##
#..#..##### #.# #...##
#.# ###@# #.# #h# #.#
#.# #.# #.# #.# #.# #.#
#.# ########.# #.#
#...<....# #.#
#.######## #.#


You could see a black bear (berserk).

Vanquished Creatures
  4 adders (D:2)
  3 ball pythons (D:1)
  3 endoplasms
  4 giant cockroaches
  4 goblins
  3 hobgoblins
  3 jackals (D:1)
  7 kobolds
  8 bats
  2 frilled lizards (D:2)
  A quokka skeleton (D:2)
  2 rats (D:2)
44 creatures vanquished.

Vanquished Creatures (others)
  4 plants (D:2)
4 creatures vanquished.

Grand Total: 48 creatures vanquished

Notes
Turn   | Place    | Note
-------+----------+-------------------------------------------
     0 | D:1      | Lans the Minotaur Gladiator began the quest for the Orb.
     0 | D:1      | Reached XP level 1. HP: 18/18 MP: 0/0
    38 | D:1      | Reached XP level 2. HP: 17/25 MP: 1/1
   254 | D:1      | Reached skill level 1 in Armour
   814 | D:2      | Reached XP level 3. HP: 20/31 MP: 2/2
  1518 | D:2      | Reached XP level 4. HP: 34/38 MP: 3/3
  1856 | D:3      | Found a sparkling altar of Nemelex Xobeh.
  2076 | D:3      | Noticed a black bear
  2084 | D:3      | Slain by a black bear

Illustrated notes

Levels and vault maps discovered:
D:1:      lemuel_arrival_rhombus, layout_loops_ring
D:2:      layout_basic, serial_forest, infiniplex_forest_end_2,
          infiniplex_forest_end_2, infiniplex_forest_split,
          infiniplex_forest_clump_cross, infiniplex_forest_clump_small,
          nicolae_underground_beach
D:3:      layout_loops_ring, mainiacjoe_overflow_brackets,
          basic_ecumenical_altar, uniq_sigmund

Skill      XL: |  1  2  3  4 |
---------------+-------------+-----
Armour         | 1 2 |  2.1
Fighting       | 3 |  3.4
Staves         | 4 |  4.4
Dodging        | 4 |  4.0
Throwing       | |  2.0

Action                   |  1- 3 |  4- 6 || total
-------------------------+-------+-------++-------
Melee: Quarterstaff      |    75 |    13 ||    88
       Headbutt          |     3 |     2 ||     5
Armor: Leather armour    |     1 |       ||     1
       Ring mail         |    15 |     6 ||    21
Dodge: Dodged            |    57 |     8 ||    65
